 Dungeon Crawl Stone Soup version 0.32-a0-468-g38b2580584 (webtiles) character file.

Game seed: 5071040902072836360

597 Goblin1989 the Cutter (level 7, 0/50 HPs)
             Began as a Coglin Gladiator on Feb 25, 2024.
             Was an Elder of Uskayaw.
             Slain by an orc
             ... wielding a +0 flail
              (1 damage)
             ... on level 5 of the Dungeon.
             The game lasted 00:05:03 (3481 turns).

Goblin1989 the Cutter (Coglin Gladiator)            Turns: 3481, Time: 00:05:04

Health: 0/50       AC:  4    Str: 14    XL:     7   Next: 40%
Magic:  7/7        EV: 12    Int:  8    God:    Uskayaw [****..]
Gold:   267        SH:  0    Dex: 17    Spells: 6/6 levels left

rFire   . . .        a - +0 rapier {Somchit}
rCold   . . .        y - +0 dagger (freeze) {Hilda}
rNeg    . . .        b - +0 leather armour
rPois   .            c - +0 helmet
rElec   .            (no cloak)
rCorr   .            (no gloves)
SInv    .            (no boots)
Will    .....        D - amulet of faith {!P}
Stlth   +            (ring unavailable)
HPRegen 0.28/turn    (ring unavailable)
MPRegen 0.10/turn

%: faith
@: revved
A: off-hand wielding, slow wielding, warmup strikes, no rings
a: Renounce Religion, Stomp, Line Pass


You were on level 5 of the Dungeon.
You worshipped Uskayaw.
Uskayaw was noncommittal.
You visited 1 branch of the dungeon, and saw 6 of its levels.

You collected 267 gold pieces.

Inventory:

Hand Weapons
 a - a +0 rapier (weapon) {Somchit}
 r - the +8 whip of Adverse Possession {pain, rC+ Stlth+}
   (You found it on level 2 of the Dungeon)

   rC+:       It protects you from cold.
   Stlth+:    It makes you more stealthy.
 y - a +0 dagger of freezing (offhand) {Hilda}
Missiles
 d - 3 throwing nets (quivered) {!d , @Q1}
 e - a javelin
 p - 26 stones
Armour
 b - a +0 leather armour (worn)
 c - a +0 helmet (worn)
Jewellery
 D - an amulet of faith (around neck) {!P}
Wands
 w - a wand of flame (15) {@v1}
Scrolls
 g - 2 scrolls of amnesia {unknown}
 i - 5 scrolls of identify {unknown}
 l - 4 scrolls of fear {unknown}
 m - 2 scrolls of blinking {unknown}
 n - a scroll of vulnerability {unknown}
 q - 2 scrolls of immolation {unknown}
 t - a scroll of silence {unknown}
 u - a scroll of revelation {unknown}
 v - a scroll of noise {unknown}
 z - 2 scrolls of enchant weapon {unknown}
 A - a scroll of teleportation {unknown}
 B - a scroll of poison {unknown}
Potions
 f - a potion of heal wounds {unknown}
 h - 2 potions of brilliance {unknown}
 j - 3 potions of magic {unknown}
 k - 2 potions of curing {unknown}
 o - a potion of cancellation {unknown}
 s - a potion of might {unknown}
 x - a potion of invisibility {unknown}
 C - a potion of lignification {unknown}
 E - a potion of ambrosia {unknown}


   Skills:
 - Level 2.0 Fighting
 + Level 7.6 Short Blades
 - Level 1.7 Throwing
 - Level 2.6 Dodging


You had 6 spell levels left.
You didn't know any spells.
Your spell library contained the following spells:

 Spells                   Type           Power      Damage    Failure   Level
 Shock                    Conj/Air       0%         1d3       50%         1
 Sting                    Conj/Alch      0%         1d3       50%         1
 Mercury Vapours          Alch/Air       0%         N/A       63%         2
 Call Canine Familiar     Summ           0%         N/A       86%         3
 Sigil of Binding         Hex            0%         N/A       86%         3
 Swiftness                Air            0%         N/A       86%         3
 Airstrike                Air            0%         2d(0-16)  99%         4
 Dimensional Bullseye     Hex/Tloc       0%         N/A       99%         4
 Olgreb's Toxic Radiance  Alch           0%         N/A       99%         4


Dungeon Overview and Level Annotations

Branches:
Dungeon (6/15) Zot: 26459  Temple (0/1) D:4

Altars:
Ashenzari
Dithmenos
Elyvilon
Fedhas
Gozag
Hepliaklqana
Kikubaaqudgha
Nemelex Xobeh
Okawaru
Qazlal
Ru
Uskayaw
Yredelemnul
Beogh

Shops:
D:2 ?

Annotations:
D:3 1 runed translucent door, Crazy Yiuf
D:4 3 runed translucent doors, Shym's ghost, amateur DsAl
D:5 1 runed translucent door


Innate Abilities, Weirdness & Mutations

You can wield a second weapon in your off-hand.
It takes a long time for you to wield or remove held weapons.
Your first few attacks do less damage.
Your grasper-arms cannot wear rings.


Message History

You are too injured to fight recklessly!
You are too injured to fight recklessly!
You are too injured to fight recklessly!
You are too injured to fight recklessly!
You are too injured to fight recklessly!
You are too injured to fight recklessly!
You are too injured to fight recklessly!
You are too injured to fight recklessly!
You are too injured to fight recklessly!
You are too injured to fight recklessly!
You are too injured to fight recklessly!
You are too injured to fight recklessly!
You are too injured to fight recklessly!
You are too injured to fight recklessly!
The orc hits you with a +0 war axe!
* * * LOW HITPOINT WARNING * * *
You take 10 damage, and have 19/50 hp.
The orc attacks as it pursues you! The orc hits you with a +0 war axe.
* * * LOW HITPOINT WARNING * * *
You take 5 damage, and have 15/50 hp.
The orc attacks as it pursues you! The orc hits you with a +0 war axe.
* * * LOW HITPOINT WARNING * * *
You take 3 damage, and have 12/50 hp.
You see here a +2 scale mail of poison resistance.
The black bear attacks as it pursues you!
The black bear barely misses you. The black bear claws you.
* * * LOW HITPOINT WARNING * * *
The black bear claws you.
* * * LOW HITPOINT WARNING * * *
You take 1 damage, and have 11/50 hp.
You hit the black bear but do no damage.
The black bear is moderately wounded.
You puncture the black bear with your +0 rapier!
The black bear barely misses you. The black bear claws you.
* * * LOW HITPOINT WARNING * * *
The black bear misses you.
You take 2 damage, and have 9/50 hp.
You hit the black bear with your +0 dagger of freezing.
You freeze the black bear.
The black bear is severely wounded.
You hit the black bear with your +0 rapier.
The black bear goes berserk!
You can now pass through a line of other dancers.
You hit the black bear with your +0 dagger of freezing.
You freeze the black bear.
The black bear is almost dead.
You hit the black bear with your +0 rapier.
You kill the black bear!
You closely miss the hound with your +0 rapier.
You hit the hound with your +0 dagger of freezing.
You freeze the hound. The hound bites you.
* * * LOW HITPOINT WARNING * * *
You take 1 damage, and have 8/50 hp.
You hit the hound but do no damage.
The hound is lightly wounded.
You hit the hound with your +0 rapier. The orc barely misses you.
The hound misses you.
Uskayaw will force your foes to helplessly watch your dance.
Uskayaw prepares the audience for your solo!
The helpless hound fails to defend itself.
You impale the hound with your +0 rapier!!
You kill the hound!
The orc is no longer paralysed. x3; The orc misses you.
The orc barely misses you.
Things that are here:
a hound corpse; a black bear corpse You hit the orc but do no damage.
You hit the orc with your +0 rapier. The orc hits you with a +0 club.
* * * LOW HITPOINT WARNING * * *
You take 4 damage, and have 5/50 hp.
You hit the orc but do no damage.
The orc is lightly wounded.
You hit the orc but do no damage. The orc misses you.
The orc hits you with a +0 club.
* * * LOW HITPOINT WARNING * * *
You take 4 damage, and have 1/50 hp.
You barely miss the orc with your +0 dagger of freezing.
The orc is lightly wounded.
You barely miss the orc with your +0 rapier.
The orc misses you. The orc barely misses you.
You hit the orc but do no damage.
The orc is lightly wounded.
You hit the orc but do no damage. The orc closely misses you.
You hit the orc with your +0 rapier.
The orc is moderately wounded.
You hit the orc but do no damage. The orc hits you but does no damage.
You hit the orc but do no damage.
The orc is moderately wounded.
You hit the orc with your +0 rapier. The orc closely misses you.
The orc hits you with a +0 club.
* * * LOW HITPOINT WARNING * * *
Uskayaw will force your foes to share their pain.
Uskayaw links your audience in an emotional bond!
You take 1 damage, and have 1/50 hp.
You hit the orc but do no damage.
The orc is severely wounded.
You barely miss the orc with your +0 rapier.
The orc hits you with a +0 flail.
You die...
Your body falls in perfect tune with the rhythm.

.....█ █.)..
.....█ ████.
██████.....█ █.
█..........█ ██
█..........█ █
█..........█ █
█.....████████████
█.o...............
█@█.██████████████
█o█.█ ██o█.█
█....█ █....█
█....█ █....█
██.█.█ █)..█


You could see 3 orcs.

Vanquished Creatures
  2 black bears (D:5)
  An ogre (D:5)
  A scorpion (D:4)
  A bombardier beetle (D:5)
  A jelly (D:5)
  3 hounds
  4 adders
  A ribbon worm (D:4)
  4 dart slugs
  5 orcs
  4 bat zombies (D:4)
  7 endoplasms
  4 giant cockroaches
  5 goblins
  8 hobgoblins
  5 kobolds
  3 quokkas
  8 ball pythons
  2 bats
  5 frilled lizards
  7 rats
81 creatures vanquished.

Notes
Turn   | Place    | Note
-------+----------+-------------------------------------------
     0 | D:1      | Goblin1989 the Coglin Gladiator began the quest for the
                  | Orb.
     0 | D:1      | Reached XP level 1. HP: 16/16 MP: 1/1
    61 | D:1      | Reached skill level 3 in Short Blades
    88 | D:1      | Reached XP level 2. HP: 15/22 MP: 2/2
   636 | D:2      | Reached XP level 3. HP: 21/27 MP: 3/3
   819 | D:2      | Reached skill level 4 in Short Blades
   960 | D:2      | Identified the +8 whip of Adverse Possession {pain, rC+
                  | Stlth+}
  1242 | D:2      | Found Qogarchy's Magic Scroll Emporium.
  1305 | D:2      | Reached XP level 4. HP: 22/33 MP: 4/4
  1471 | D:3      | Found a hide-covered altar of Uskayaw.
  1552 | D:3      | Became a worshipper of Uskayaw the Reveller
  1602 | D:3      | Reached * piety under Uskayaw
  1661 | D:3      | Found a broken altar of Ashenzari.
  1977 | D:3      | Found a runed translucent door.
  1978 | D:3      | Noticed Crazy Yiuf
  2199 | D:4      | Noticed a scorpion
  2237 | D:4      | Reached ** piety under Uskayaw
  2238 | D:4      | Reached *** piety under Uskayaw
  2239 | D:4      | Killed a scorpion
  2240 | D:4      | Reached skill level 5 in Short Blades
  2240 | D:4      | Reached XP level 5. HP: 31/38 MP: 5/5
  2360 | D:4      | Found a staircase to the Ecumenical Temple.
  2524 | D:4      | Found a runed translucent gate.
  2524 | D:4      | Noticed Shym's ghost (amateur DsAl)
  2528 | D:4      | Found a runed translucent gate.
  2529 | D:4      | Found a runed translucent gate.
  2531 | D:4      | Identified the +8 mace "Gezau" {protect, rN+++ Dex-4}
  2531 | D:4      | Identified the +1 leather armour of Bubliderch {Rampage
                  | rPois rF+ Will+}
  2639 | D:4      | Found an ancient bone altar of Kikubaaqudgha.
  2742 | D:4      | Found an iron altar of Okawaru.
  2743 | D:4      | Found a stormy altar of Qazlal.
  2743 | D:4      | Found a sacrificial altar of Ru.
  2743 | D:4      | Found an opulent altar of Gozag.
  2743 | D:4      | Found a sparkling altar of Nemelex Xobeh.
  2743 | D:4      | Found a shadowy altar of Dithmenos.
  2755 | D:4      | Reached skill level 6 in Short Blades
  2755 | D:4      | Reached XP level 6. HP: 41/44 MP: 6/6
  2858 | D:4      | Found a roughly hewn altar of Beogh.
  2859 | D:4      | You fall into a shaft and drop 2 floors!
  2929 | D:5      | Entered Level 5 of the Dungeon
  2929 | D:5      | Found a white marble altar of Elyvilon.
  2934 | D:5      | Found a basalt altar of Yredelemnul.
  2935 | D:5      | Found a blossoming altar of Fedhas.
  3023 | D:5      | Found a runed translucent gate.
  3076 | D:5      | Found a hazy altar of Hepliaklqana.
  3282 | D:5      | Noticed a black bear
  3308 | D:5      | Killed a black bear
  3308 | D:5      | Reached **** piety under Uskayaw
  3309 | D:5      | Reached skill level 7 in Short Blades
  3309 | D:5      | Reached XP level 7. HP: 21/50 MP: 7/7
  3476 | D:5      | HP: 1/50 [orc/+0 club (4)]
  3481 | D:5      | Slain by an orc

Illustrated notes

Levels and vault maps discovered:
D:1:      lemuel_arrival_hallway, layout_rooms, serial_bayou_pond_a,
          st_stairs_9, minmay_split_cup_small
D:2:      minmay_evil_eye, layout_rooms, serial_shops, shop
D:3:      layout_basic, lemuel_round_altar, cheibrodos_ashenzari_chains,
          kennysheep_cluttered_room, uniq_crazy_yiuf_cottage
D:4:      layout_cave_pools, lemuel_zombie_altar_kikubaaqudgha, minitemple,
          minmay_temple_entry_sparse_star, biasface_ghost_orc_armoury,
          serial_glass, glass_columns_c, glass_columns_c, glass_columns_c,
          glass_columns_a, glass_columns_c, glass_columns_a,
          kennysheep_generic_room_7
D:5:      layout_basic, grunt_temple_overflow_open, gammafunk_ghost_necromancy
D:6:      layout_layer_cave, led_sif_book, serial_shops, shop

Skill      XL: |  1  2  3  4  5  6 |
---------------+-------------------+-----
Short Blades   | 3 4 5 6 7 |  7.6
Fighting       | |  2.0
Throwing       | |  1.7
Dodging        | |  2.6

Action                     |  1- 3 |  4- 6 |  7- 9 || total
---------------------------+-------+-------+-------++-------
  Melee: Rapier            |   153 |   111 |    20 ||   284
         Dagger            |       |    86 |    19 ||   105
   Stab: Sleeping          |     1 |     2 |       ||     3
         Paralysed         |       |     3 |     1 ||     4
 Armour: Leather armour    |    75 |    49 |    18 ||   142
  Dodge: Dodged            |    96 |    73 |    18 ||   187

Table legend: (Time is in decaauts)
 A = Elapsed time spent in this place.
 B = Non-inter-level travel time spent in this place.
 C = Inter-level travel time spent in this place.
 D = Time resting spent in this place.
 E = Time spent auto-exploring this place.
 F = Levels seen in this place.
 G = Mean time per level.
                   A        B        C        D        E       F      G
               +--------+--------+--------+--------+--------+-----+--------+
         Total |   3461 |   3340 |    121 |    188 |   2503 |   6 |  576.8 |
       Dungeon |   3461 |   3340 |    121 |    188 |   2503 |   6 |  576.8 |
               +--------+--------+--------+--------+--------+-----+--------+

Top non-repeatable levels by time:
     D:3: 808 daAuts
     D:2: 768 daAuts
     D:4: 679 daAuts
     D:1: 655 daAuts
     D:5: 479 daAuts
     D:6: 69 daAuts
